 Dungeon Crawl Stone Soup version 0.31-a0-971-g75a2e9a4b4 (webtiles) character file.

Game seed: 3760982747427187002

95 BinkBink the Shooter (level 4, -4/30 HPs)
             Began as an Octopode Hunter on Oct 28, 2023.
             Slain by an ice beast (5 damage)
             ... on level 3 of the Dungeon.
             The game lasted 00:03:13 (2015 turns).

BinkBink the Shooter (Octopode Hunter)              Turns: 2015, Time: 00:03:13

Health: -4/30      AC:  1    Str: 12    XL:     4   Next: 65%
Magic:  4/4        EV: 14    Int: 11    God:
Gold:   105        SH:  0    Dex: 15    Spells: 3/3 levels left

rFire   . .          .
                       - Unarmed
rCold   . . .        (no shield)
rNeg    . . .        (helmet currently unavailable)
rPois   .            (no amulet)
rElec   .            (no ring)
rCorr   .            (no ring)
SInv    .            (no ring)
Will    .....        (no ring)
Stlth   +++          (no ring)
HPRegen 0.25/turn    (no ring)
MPRegen 0.09/turn    (no ring)
                     (no ring)

%: no passive effects
@: beast-form
A: beast (slay +0), almost no armour, amphibious, 8 rings, camouflage 1,
gelatinous body 1, (nimble swimmer 1), tentacles
a: Begin Untransformation


You were on level 3 of the Dungeon.
You were a hulking beast.
You visited 1 branch of the dungeon, and saw 3 of its levels.

You collected 105 gold pieces.

Inventory:

Hand Weapons
 a - a +0 shortbow
Talismans
 k - a beast talisman (active)
Scrolls
 b - a scroll of butterflies
 c - 3 scrolls of teleportation
 d - a scroll of revelation
 j - a scroll of fog
 n - a scroll of acquirement {unknown}
 o - a scroll of brand weapon {unknown}
Potions
 e - a potion of brilliance {unknown}
 g - 2 potions of curing {unknown}
 h - 2 potions of attraction {unknown}
 l - 2 potions of lignification {unknown}
 m - a potion of degeneration {unknown}


   Skills:
 + Level 2.8 Fighting
 - Level 4.0 Ranged Weapons
 + Level 2.8 Dodging
 + Level 3.1 Stealth
 + Level 1.7 Unarmed Combat
 + Level 0.6 Shapeshifting


You had 3 spell levels left.
You didn't know any spells.
Your spell library was empty.

Dungeon Overview and Level Annotations

Branches:
Dungeon (3/15)

Altars:
Gozag


Innate Abilities, Weirdness & Mutations

You are a hulking beast.
Your limbs bulge with bestial killing power. (Slay +0)
You cannot wear most types of armour.
You are amphibious.
You can wear up to eight rings at the same time.
Your skin changes colour to match your surroundings (Stealth+).
Your rubbery body absorbs attacks. (AC +1, EV +1)
((You are camouflaged when in or above water. (Stealth+)))
You have tentacles for arms and can constrict up to eight enemies at once.


Message History

You start waiting.
An orc comes into view. It is wielding a +0 club.
You shoot an arrow. The orc shouts!
The arrow hits the orc but does no damage.
You hear a shout!
You shoot an arrow. The arrow hits the orc.
The orc is heavily wounded.
You shoot an arrow. The arrow hits the orc.
The orc is almost dead.
You shoot an arrow. The arrow hits the orc.
You kill the orc!
You start waiting.
An ice beast is nearby!
You shoot an arrow. The arrow barely misses the ice beast.
You shoot an arrow. The arrow hits the ice beast.
The ice beast is lightly wounded.
You shoot an arrow. The arrow closely misses the ice beast.
You shoot an arrow. The arrow hits the ice beast.
The ice beast is moderately wounded.
You shoot an arrow. The arrow hits the ice beast.
The ice beast is heavily wounded.
Okay, then.
You are now empty-tentacled.
The ice beast hits you. The ice beast freezes you!
You tentacle-slap the ice beast. Your squeeze misses the ice beast.
The ice beast is heavily wounded.
The ice beast hits you but does no damage.
You tentacle-slap the ice beast.
The ice beast is heavily wounded.
The ice beast completely misses you.
You tentacle-slap the ice beast but do no damage.
The ice beast is heavily wounded.
The ice beast hits you. The ice beast freezes you!
* * * LOW HITPOINT WARNING * * *
You tentacle-slap the ice beast. You squeeze the ice beast.
The ice beast is almost dead.
The ice beast hits you.
* * * LOW HITPOINT WARNING * * *
The ice beast freezes you.
You die...

. .. .(. ... ). #.######
#......######################
######)....Yh.(..........##..
##############..........
#........... #...........
############ #.......>...
#..........####...........
########....†...........<.
####.†##...........
##..............


You could see an ice beast.

Vanquished Creatures
  A gnoll (D:1)
  3 adders (D:2)
  A worm (D:2)
  2 dart slugs (D:1)
  An orc (D:3)
  5 endoplasms
  2 giant cockroaches (D:2)
  3 goblins
  6 hobgoblins
  2 kobolds (D:2)
  A quokka (D:2)
  12 ball pythons
  3 bats
  5 frilled lizards
  4 rats (D:1)
51 creatures vanquished.

Notes
Turn   | Place    | Note
-------+----------+-------------------------------------------
     0 | D:1      | BinkBink the Octopode Hunter began the quest for the Orb.
     0 | D:1      | Reached XP level 1. HP: 14/14 MP: 1/1
   156 | D:1      | Reached XP level 2. HP: 6/19 MP: 2/2
   471 | D:1      | Reached skill level 1 in Unarmed Combat
   592 | D:1      | Reached XP level 3. HP: 25/25 MP: 3/3
  1086 | D:2      | Found an opulent altar of Gozag.
  1243 | D:2      | Reached XP level 4. HP: 30/30 MP: 4/4
  1865 | D:3      | Noticed an ice beast
  2015 | D:3      | HP: 1/30 [ice beast (3)]
  2015 | D:3      | Slain by an ice beast

Illustrated notes

Levels and vault maps discovered:
D:1:      lemuel_arrival_funnel, layout_loops_ring
D:2:      layout_loops_ring, basic_altar, minmay_snake_closets
D:3:      layout_rooms, shapermc_ecumenical_altar_mp_highgroup, uniq_terence

Skill      XL: |  1  2  3  4 |
---------------+-------------+-----
Stealth        | 2 3 |  3.1
Unarmed Combat | 1 |  1.7
Fighting       | |  2.8
Ranged Weapons | |  4.0
Dodging        | |  2.8
Shapeshifting  | |  0.6

Action                     |  1- 3 |  4- 6 || total
---------------------------+-------+-------++-------
  Melee: Unarmed           |       |     4 ||     4
         Tentacles         |       |     1 ||     1
   Fire: Shortbow          |   112 |    38 ||   150
    Use: Scroll            |       |     4 ||     4
 Armour: Skin              |    17 |     7 ||    24
  Dodge: Dodged            |    17 |     5 ||    22
   Form: Beast             |     1 |       ||     1

Table legend: (Time is in decaauts)
 A = Elapsed time spent in this place.
 B = Non-inter-level travel time spent in this place.
 C = Inter-level travel time spent in this place.
 D = Time resting spent in this place.
 E = Time spent auto-exploring this place.
 F = Levels seen in this place.
 G = Mean time per level.
                   A        B        C        D        E       F      G
               +--------+--------+--------+--------+--------+-----+--------+
         Total |   2044 |   1899 |    145 |    250 |   1351 |   3 |  681.3 |
       Dungeon |   2044 |   1899 |    145 |    250 |   1351 |   3 |  681.3 |
               +--------+--------+--------+--------+--------+-----+--------+

Top non-repeatable levels by time:
     D:2: 990 daAuts
     D:1: 842 daAuts
     D:3: 211 daAuts
